 Dungeon Crawl Stone Soup version 0.21.1-1-g345015f (webtiles) character file.

85 HammerPanzer the Slasher (level 4, -7/40 HPs)
             Began as a Draconian Berserker on Apr 7, 2018.
             Was a Believer of Trog.
             Mangled by Sigmund
             ... wielding a +0 scythe
              (12 damage)
             ... on level 2 of the Dungeon.
             The game lasted 00:04:41 (1408 turns).

HammerPanzer the Slasher (Draconian Berserker)      Turns: 1408, Time: 00:04:42

Health: -7/40      AC:  8    Str: 20    XL:     4   Next: 25%
Magic:  4/4        EV:  7    Int:  8    God:    Trog [**....]
Gold:   60         SH: 12    Dex: 10    Spells: 3/3 levels left

rFire    . . .     SeeInvis .   i - +0 long sword
rCold    + . .     Gourm    .   c - +1 large shield
rNeg     . . .     Faith    .   (armour unavailable)
rPois    .         Spirit   .   d - +2 hat
rElec    .         Reflect  .   (no cloak)
rCorr    .         Harm     .   l - +0 pair of gloves
MR       ++...                  (no boots)
Stlth    +.........             h - amulet of inaccuracy (curse)
HPRegen  1.13/turn              f - ring of protection from cold
MPRegen  0.09/turn              (no ring)

@: berserk cooldown, regenerating, slowed, very slow
A: unfitting armour, cold-blooded, AC +5
a: Berserk, Trog's Hand, Burn Spellbooks, Renounce Religion


You were on level 2 of the Dungeon.
You worshipped Trog.
Trog was pleased with you.
You were hungry.

You visited 1 branch of the dungeon, and saw 2 of its levels.

You collected 60 gold pieces.

Inventory:

Hand Weapons
 i - a +0 long sword (weapon)
Armour
 c - a +1 large shield (worn)
 d - a +2 hat (worn)
 l - a +0 pair of gloves (worn)
Jewellery
 f - a ring of protection from cold (left hand)
 h - a cursed amulet of inaccuracy (around neck)
Scrolls
 e - a scroll of identify
Potions
 j - a potion of magic
 k - a potion of invisibility
Comestibles
 b - 5 rations


   Skills:
 + Level 4.1 Fighting
 * Level 4.5 Long Blades
 - Level 2.6 Dodging


You had 3 spell levels left.
You didn't know any spells.

Dungeon Overview and Level Annotations

Branches:
Dungeon (2/15)

Altars:
Zin

Annotations:
D:2 Sigmund


Innate Abilities, Weirdness & Mutations

Your plain brown scales are hard. (AC +5)
You cannot fit into any form of body armour.
You are cold-blooded and may be slowed by cold attacks.


Message History

You riposte.
You miss the frilled lizard.
Your tail-slap misses the frilled lizard.
Something hits you!
* * * LOW HITPOINT WARNING * * *
Your skin crawls.
You feel resistant to hostile enchantments.
You feel somewhat more hungry.
The frilled lizard bites you but does no damage.
You hear some strange, mumbled words.
A puff of flame appears from out of thin air!
The puff of flame misses you. You block the frilled lizard's attack.
You closely miss something.
You feel sick.
You are no longer poisoned.
Something hits you.
* * * LOW HITPOINT WARNING * * *
The frilled lizard bites you but does no damage.
The frilled lizard barely misses you.
You riposte.
Your shield prevents you from hitting the frilled lizard.
Something hits you!
You die...

...(......#....###,* *,*
(...........8..#.#.# *,*
...##)##.......'_#.# **,*
..###..##.#.8..#.#.##*,,*
...............###..#*,**
...........#.8..#..[#*,*
#########...........#*,*
##.........##*,* ***
###....@..# *,* *,***
**#....{l### *,* ,,,,**
*♣........# *>*
,,,,,***.........# ***,*
≈≈≈,,,*,..≈≈≈....#**,,,*
≈≈≈≈,,,,.≈≈≈≈≈....,*,,,*
≈_≈≈,,,,.≈≈♣≈≈....,,,,,*
≈≈≈≈,,,,.≈≈≈≈≈....#*,,,*
≈≈≈,,,*,,,≈≈≈.....#*****


You could see a frilled lizard.

Vanquished Creatures
  3 adders (D:2)
  A worm (D:2)
  A dart slug (D:1)
  2 leopard geckos (D:1)
  An orc (D:2)
  2 ball pythons (D:2)
  6 giant cockroaches
  4 goblins (D:1)
  5 hobgoblins
  12 kobolds
  4 bats
  3 frilled lizards
  7 rats
51 creatures vanquished.

Notes
Turn   | Place    | Note
-------+----------+-------------------------------------------
     0 | D:1      | HammerPanzer the Draconian Berserker began the quest for the Orb.
     0 | D:1      | Reached XP level 1. HP: 19/19 MP: 1/1
    90 | D:1      | Reached XP level 2. HP: 26/26 MP: 2/2
   402 | D:1      | Reached XP level 3. HP: 32/33 MP: 3/3
   534 | D:1      | Reached ** piety under Trog
  1152 | D:2      | Reached XP level 4. HP: 32/40 MP: 4/4
  1369 | D:2      | Found a glowing silver altar of Zin.
  1381 | D:2      | Noticed Sigmund
  1405 | D:2      | HP: 1/40 [something (7)]
  1408 | D:2      | Mangled by Sigmund

Skill      XL: |  1  2  3 |
---------------+----------+-----
Long Blades    | 4 |  4.5
Fighting       | 4 |  4.1
Dodging        | |  2.6

Action                   |  1- 3 |  4- 6 || total
-------------------------+-------+-------++-------
Melee: Falchion          |    66 |       ||    66
       Tailslap          |    15 |     2 ||    17
       Long sword        |   104 |    29 ||   133
Invok: Berserk           |     2 |     1 ||     3
       Trog's Hand       |       |     1 ||     1
  Use: Scroll            |     4 |     2 ||     6
       Potion            |       |     1 ||     1
  Eat: Chunk             |     2 |     2 ||     4
Armor: Skin              |    58 |    12 ||    70
Dodge: Dodged            |    62 |     7 ||    69
Block: Large shield      |   103 |    19 ||   122
       Rpst.: Falchion   |    10 |       ||    10
       Long sword        |    15 |     3 ||    18
